 Dungeon Sprint DCSS version 0.32-a0-876-gcfddb08e57 (webtiles) character file.

Game seed: 17864190502599906190

2 Griffin23 the Shield-Bearer (level 1, -2/20 HPs)
             Began as a Minotaur Fighter on Apr 1, 2024.
             Slain by a human (7 damage)
             ... in the Dungeon (Sprint III: "The Ten Rune Challenge").
             The game lasted 00:00:10 (64 turns).

Griffin23 the Shield-Bearer (Minotaur Fighter)        Turns: 64, Time: 00:00:11

Health: -2/20      AC:  7    Str: 20    XL:     1   Next: 33%
Magic:  0/0        EV:  8    Int:  5    God:
Gold:   20         SH:  4    Dex:  9    Spells: 0/0 levels left

rFire   . . .        a - +0 long sword
rCold   . . .        c - +0 buckler
rNeg    . . .        b - +0 scale mail
rPois   .            (helmet restricted)
rElec   .            (no cloak)
rCorr   .            (no gloves)
SInv    .            (no boots)
Will    .....        (no amulet) Stlth
                     (no ring)
HPRegen 0.23/turn    (no ring)
MPRegen 0.07/turn

%: no teleportation
@: no status effects
A: horns 2, retaliatory headbutt
a: no special abilities


You were in the Dungeon.
You visited 1 branch You collected 20 gold pieces.

Inventory:

Hand Weapons
 a - a +0 long sword (weapon)
Armour
 b - a +0 scale mail (worn)
 c - a +0 buckler (worn)
Scrolls
 j - a scroll of blinking
Potions
 d - a potion of might
 e - a potion of curing
 f - a potion of heal wounds
 g - a potion of haste
 h - 2 potions of magic
 i - a potion of berserk rage


   Skills:
 + Level 4.1 Fighting
 + Level 2.6 Long Blades
 + Level 4.1 Armour
 + Level 4.1 Shields


You couldn't memorise any spells.
You didn't know any spells.
Your spell library was empty.

Dungeon Overview and Level Annotations

Branches:
Dungeon (1/1)

Altars:


Innate Abilities, Weirdness & Mutations

You have a pair of horns on your head.
You reflexively headbutt those who attack you in melee.


Message History

No target in view!
No target in view!
A rat comes into view.
The rat squeaks loudly.
A rat is nearby!
A rat is nearby!
The rat barely misses you.
You closely miss the rat. You headbutt the rat.
You kill the rat!
No target in view!
No target in view!
You see here a rat corpse.
A human comes into view.
The human shouts!
A scorpion comes into view.
There are monsters nearby!
The scorpion stings you but does no damage.
There are monsters nearby!
You closely miss the scorpion. You block the scorpion's attack.
The human hits you! The scorpion stings you.
You are too injured to fight recklessly!
You are too injured to fight recklessly!
You block the human's attack. The scorpion attacks as it pursues you!
You block the scorpion's attack. The human hits you.
You closely miss the human. The human closely misses you.
You closely miss the human. The human hits you but does no damage.
You barely miss the human. Your headbutt misses the human.
The human barely misses you. The human hits you but does no damage.
You closely miss the human. The human hits you.
* * * LOW HITPOINT WARNING * * *
You hit the human but do no damage. The human hits you but does no damage.
You hit the human.
The human is lightly wounded.
The human barely misses you.
You hit the human but do no damage. Your headbutt misses the human.
The human is lightly wounded.
The human completely misses you. You furiously retaliate!
You headbutt the human! The human hits you!
You die...

▓...#......##
▓..##.......# ..#
▓##.##.##...# ..#
##.##.###..# #..#
▓#.####.##..# ...+
▓.###..##.†## #...#
▓#..†..##..###....#
###..##...##.....#
##..##...@#......#
#..###..##p#.....#
#..# #.. ####....#
▓▓▓▓ ▓▓▓ ▓▓▓▓▓


You could see a human.

Vanquished Creatures
  4 rats (D)
4 creatures vanquished.

Notes
Turn   | Place    | Note
-------+----------+-------------------------------------------
     0 | D        | Griffin23 the Minotaur Fighter began the quest for the Orb.
     0 | D        | Reached XP level 1. HP: 19/19 MP: 0/0
    52 | D        | Noticed a scorpion
    64 | D        | Slain by a human

Illustrated notes

Levels and vault maps discovered:
D:        dungeon_sprint_mu [sprint_mu_entry_cave, sprint_mu_temple_rooms,
          sprint_mu_d1_spiders, sprint_mu_d2_genie, sprint_mu_d3_branching,
          sprint_mu_orc_legion, sprint_mu_elf_gauntlet, sprint_mu_hive_nellie,
          sprint_mu_lair_fedhas, sprint_mu_vaults_butterflies,
          sprint_mu_slime_circle, sprint_mu_swamp_cave, sprint_mu_snake_twists,
          sprint_mu_blade_basic, sprint_mu_crypt_fortress,
          sprint_mu_tomb_spiral, sprint_mu_vestibule_basic,
          sprint_mu_gehenna_hellfire, sprint_mu_dis_giant,
          sprint_mu_tartarus_statrot, sprint_mu_cocytus_islands, sprint_mu_zot1]

Skill      XL: |  1 |
---------------+----+-----
Fighting       | 4 |  4.1
Armour         | 4 |  4.1
Shields        | 4 |  4.1
Long Blades    | |  2.6

Action                     || total
---------------------------++-------
  Melee: Long sword        ||    17
         Headbutt          ||     3
 Armour: Scale mail        ||    16
  Dodge: Dodged            ||     7
  Block: Buckler           ||     4

Table legend: (Time is in decaauts)
 A = Elapsed time spent in this place.
 B = Non-inter-level travel time spent in this place.
 C = Inter-level travel time spent in this place.
 D = Time resting spent in this place.
 E = Time spent auto-exploring this place.
 F = Levels seen in this place.
 G = Mean time per level.
                   A        B        C        D        E       F      G
               +--------+--------+--------+--------+--------+-----+--------+
         Total |     68 |     68 |      0 |      0 |     34 |   1 |   68.0 |
       Dungeon |     68 |     68 |      0 |      0 |     34 |   1 |   68.0 |
               +--------+--------+--------+--------+--------+-----+--------+

Top non-repeatable levels by time:
       D: 68 daAuts
